 Dungeon Crawl Stone Soup version 0.24.1-8-ga250c9d538 (webtiles) character file.

Game seed: 17093571499797301996, levelgen mode: deterministic

21 Hugehornet the Changer (level 2, -1/18 HPs)
             Began as an Octopode Transmuter on May 2, 2020.
             Slain by an orc
             ... wielding a +0 flail
              (7 damage)
             ... on level 4 of the Dungeon.
             The game lasted 00:01:33 (1090 turns).

Hugehornet the Changer (Octopode Transmuter)        Turns: 1090, Time: 00:01:33

Health: -1/18      AC:  1    Str:  9    XL:     2   Next: 83%
Magic:  3/5        EV: 13    Int: 15    God:
Gold:   110        SH:  0    Dex: 12    Spells: 2/5 levels left

rFire    . . .     SeeInvis .     - Unarmed
rCold    . . .     Gourm    .   (no shield)
rNeg     . . .     Faith    .   (helmet restricted)
rPois    .         Spirit   .   (no amulet)
rElec    .         Reflect  .   (no ring)
rCorr    .         Harm     .   (no ring)
MR       .....                  (no ring)
Stlth    ++........             (no ring)
HPRegen  0.06/turn              (no ring)
MPRegen  0.09/turn              (no ring)
                                (no ring)
                                (no ring)

@: very slightly contaminated
A: almost no armour, stealthy swim, amphibious, 8 rings, constrict 8, camouflage
1, gelatinous body 1
a: no special abilities


You were on level 4 of the Dungeon.
You were hungry.

You visited 1 branch of the dungeon, and saw 3 of its levels.

You collected 110 gold pieces.

Inventory:

Missiles
 a - 51 arrows
Scrolls
 b - 2 scrolls of identify {unknown}
 d - a scroll of fear {unknown}
 e - a scroll of immolation {unknown}
 f - 2 scrolls of remove curse {unknown}
Potions
 g - a potion of agility {unknown}
 h - a potion of flight {unknown}
Comestibles
 c - 2 rations


   Skills:
 - Level 1.0 Fighting
 - Level 2.0 Dodging
 - Level 3.0 Unarmed Combat
 - Level 2.0 Spellcasting
 + Level 3.2 Transmutations


You had 2 spell levels left.
You knew the following spells:

 Your Spells              Type           Power        Failure   Level  Hunger
a - Beastly Appendage     Tmut           ##....       6%          1    #......
b - Sticks to Snakes      Tmut           ##......     9%          2    ###....

Your spell library contained the following spells:

 Spells                   Type           Power        Failure   Level  Hunger
 Spider Form              Tmut/Pois      #.........   34%         3    ###....
 Ice Form                 Ice/Tmut       #.......     75%         4    #####..
 Blade Hands              Tmut           ##........   85%         5    ######.


Dungeon Overview and Level Annotations

Branches:
Dungeon (2/15)

Altars:


Innate Abilities, Weirdness & Mutations

You cannot wear most types of armour.
You are very stealthy in the water. (Stealth+)
You are amphibious.
You can wear up to eight rings at the same time.
You can use your tentacles to constrict eight enemies at once.
Your skin changes colour to match your surroundings (Stealth+).
Your rubbery body absorbs attacks. (AC +1, EV +1)


Message History

An orc wizard comes into view. It is wielding a +0 dagger.
An orc comes into view. It is wielding a +0 war axe.
An orc comes into view. It is wielding a +0 dagger.
The howler monkey skeleton hits you but does no damage.
You feel sick.
Found a stone staircase leading down.
Found 11 gold pieces.
The orc shouts!
You feel sick.
You are no longer poisoned.
The orc throws a boomerang.
The boomerang hits you but does no damage.
The weapon returns to the orc!
Found a scroll labeled KIBRYTI UMODUL.
An ogre comes into view. It is wielding a +0 giant club.
The ogre shouts!
The orc throws a boomerang.
The boomerang closely misses you.
The weapon returns to the orc!
The orc hits you with a +0 flail!
You die...

#.............###...
#..........##......(
#..........##...#...
#######....##.#.....
......##.#........
#.###.....>.O.....
#.# #######o.(....
#.# ##.oo....##.
#@#####..###......
##.oZ##..## #.....#
##.O...o.###o.......
#.........o........#
#..........###..####
..?........### .o##
...##.$.>..... o#
... #......#### ..
........#


You could see an ogre, 3 orcs and a howler monkey skeleton.

Vanquished Creatures
  An ooze (D:1)
  A dart slug (D:1)
  A giant cockroach (D:1)
  2 goblins (D:1)
  3 hobgoblins (D:1)
  3 bats (D:1)
  A frilled lizard (D:1)
  2 rats (D:1)
14 creatures vanquished.

Notes
Turn   | Place    | Note
-------+----------+-------------------------------------------
     0 | D:1      | Hugehornet the Octopode Transmuter began the quest for the
                  | Orb.
     0 | D:1      | Reached XP level 1. HP: 13/13 MP: 3/3
   342 | D:1      | Reached XP level 2. HP: 18/18 MP: 3/5
   346 | D:1      | Learned a level 2 spell: Sticks to Snakes
  1059 | D:2      | You fall into a shaft and drop 2 floors!
  1070 | D:4      | Noticed a scorpion
  1070 | D:4      | Noticed an ogre
  1086 | D:4      | Noticed an ogre
  1090 | D:4      | Slain by an orc

Levels and vault maps discovered:
D:1:      scummos_arrival_simple_fountains, layout_loops_ring, minmay_tall_x
D:2:      layout_basic, minmay_misc_feat_doors
D:4:      layout_rooms, vehumet_altar_wand_db

Skill      XL: |  1  2 |
---------------+-------+-----
Transmutations | 3 |  3.2
Fighting       | |  1.0
Dodging        | |  2.0
Unarmed Combat | |  3.0
Spellcasting   | |  2.0

Action                   || total
-------------------------++-------
Melee: Unarmed           ||    26
       Constrict         ||    10
       Kick              ||     6
       Tentacles         ||     4
       Punch             ||     1
 Cast: Beastly Appendage ||    11
       Sticks to Snakes  ||     1
 Stab: Sleeping          ||     4
Armor: Skin              ||     5
Dodge: Dodged            ||    28
